 Dungeon Crawl Stone Soup version 0.16-a0-1157-gec61f8e (webtiles) character file.

65 Ratboiler the Chucker (level 4, -4/41 HPs)
             Began as an Ogre Arcane Marksman on Oct 8, 2014.
             Slain by RobertPalmer's ghost (10 damage)
             ... on level 3 of the Dungeon.
             The game lasted 00:07:49 (2237 turns).

Ratboiler the Chucker (Ogre Arcane Marksman)        Turns: 2237, Time: 00:07:49

Health: -4/41      AC:  3    Str: 16    XL:     4   Next: 13%
Magic:  6/6        EV: 10    Int: 12    God:
Gold:   86         SH:  0    Dex: 10    Spells: 2 memorised, 2 levels left

rFire  + . .     SeeInvis .     u - -2 falchion (curse)
rCold  x . .     Clarity  .     a - +0 robe
rNeg   + . .     SustAb   .     (shield restricted)
rPois  .         Gourm    .     (helmet restricted)
rElec  .         Spirit   .     (no cloak)
rCorr  .         Warding  .     (gloves unavailable)
rMut   .         Stasis   .     (boots unavailable)
MR     .....                    (no amulet)
Stlth  +.........               B - ring of fire
                                s - ring of positive energy

@: not resistant to hostile enchantments, very unstealthy
A: unfitting armour, tough skin 1
a: no special abilities


You were on level 3 of the Dungeon.
You were hungry.

You visited 1 branch of the dungeon, and saw 3 of its levels.

You collected 86 gold pieces.

Inventory:

Hand weapons
 n - a +0 mace
 u - a cursed -2 falchion (weapon)
Missiles
 b - 13 poisoned needles
 c - a throwing net (quivered)
 t - 7 needles of frenzy
Armour
 a - a +0 robe (worn)
Comestibles
 f - 3 meat rations
 j - a beef jerky
 o - a rotting chunk of adder flesh
 w - 3 bread rations
Scrolls
 h - a scroll of random uselessness {unknown}
 i - 4 scrolls of remove curse {unknown}
 m - a scroll of identify {unknown}
 r - a scroll of noise {unknown}
 v - a scroll of amnesia {unknown}
 y - 3 scrolls of magic mapping {unknown}
 z - a scroll of teleportation {unknown}
Jewellery
 s - a ring of positive energy (left hand)
 B - a ring of fire (right hand)
Potions
 e - a potion of agility {unknown}
 g - a potion of heal wounds
 k - a potion of brilliance {unknown}
 l - 2 potions of curing {unknown}
 q - a potion of resistance {unknown}
 A - a potion of poison {unknown}
Books
 d - a book of Debilitation

   Spells                             Type                      Level
   *Corona                            Hexes                        1
   *Slow                              Hexes                        2
   Inner Flame                        Hexes/Fire                   3
   Enslavement                        Hexes                        4
   Cause Fear                         Hexes                        4
   Leda's Liquefaction                Hexes/Earth                  4
 x - a book of Debilitation

   Spells                             Type                      Level
   *Corona                            Hexes                        1
   *Slow                              Hexes                        2
   Inner Flame                        Hexes/Fire                   3
   Enslavement                        Hexes                        4
   Cause Fear                         Hexes                        4
   Leda's Liquefaction                Hexes/Earth                  4


   Skills:
 - Level 1.3 Fighting
 + Level 4.7 Throwing
 - Level 1.7 Dodging
 - Level 1.2 Spellcasting
 - Level 2.1 Hexes


You had 2 spell levels left.
You knew the following spells:

 Your Spells              Type           Power        Failure   Level  Hunger
a - Corona                Hex            #......      14%         1    ##.....
b - Slow                  Hex            #.......     21%         2    ###....


Dungeon Overview and Level Annotations

Branches:
Dungeon (3/15)

Altars:
Fedhas

Annotations:
D:3 RobertPalmer's ghost, average OpFi


Innate Abilities, Weirdness & Mutations

You are too large for most types of armour.
You have tough skin (AC +1).


Message History

There is an escape hatch in the ceiling here.
RobertPalmer's ghost says, "Crushing you to a pulp will hurt a lot.
After that?
Painless!
I promise!"
RobertPalmer's ghost screams, "You will join me soon!"
You barely miss RobertPalmer's ghost.
RobertPalmer's ghost is severely damaged.
RobertPalmer's ghost hits you!
* * * LOW HITPOINT WARNING * * *
You see here a throwing net.
There is an escape hatch in the ceiling here.
RobertPalmer's ghost whispers, "Meet the emptiness of death!"
RobertPalmer's ghost lets out a mournful wail.
There is an escape hatch in the ceiling here.
RobertPalmer's ghost shrieks, "What do you have that I didn't have?"
RobertPalmer's ghost hits you.
* * * LOW HITPOINT WARNING * * *
RobertPalmer's ghost lets out a mournful wail.
RobertPalmer's ghost shrieks, "There is no future for me!"
You smell something rotten. (slot o) RobertPalmer's ghost hits you!
You die...

############
#..........#
#.########.# #@#
#.# #W# #.# #.#
######.##### #.#
#..........### #.#
#.####.###.... #.#
#.####........ #.#
#......######.
#.###.####.# #.
#.##....##.######.


You could see RobertPalmer's ghost.

Vanquished Creatures
  4 adders
  3 giant cockroaches
  4 hobgoblins
  3 kobolds
  8 bats
  A giant newt (D:1)
  2 goblins
  7 rats
32 creatures vanquished.

Notes
Turn   | Place    | Note
--------------------------------------------------------------
     0 | D:1      | Ratboiler, the Ogre Arcane Marksman, began the quest for the Orb.
     0 | D:1      | Reached XP level 1. HP: 19/19 MP: 2/2
   470 | D:1      | Reached skill level 3 in Throwing
   470 | D:1      | Reached XP level 2. HP: 12/27 MP: 3/3
   631 | D:1      | Learned a level 2 spell: Slow
  1141 | D:2      | Reached XP level 3. HP: 28/33 MP: 4/4
  1322 | D:2      | Reached skill level 4 in Throwing
  1878 | D:3      | Noticed RobertPalmer's ghost (average OpFi)
  1990 | D:3      | Reached XP level 4. HP: 41/41 MP: 6/6
  2059 | D:3      | HP: 2/41 [RobertPalmer's ghost (3)]
  2124 | D:3      | Found a blossoming altar of Fedhas.
  2158 | D:3      | HP: 1/41 [RobertPalmer's ghost (8)]
  2237 | D:3      | Slain by RobertPalmer's ghost

Action                   |  1- 3 |  4- 6 || total
-------------------------+-------+-------++-------
Melee: Unarmed           |    26 |       ||    26
       Mace              |    42 |       ||    42
       Falchion          |    65 |    19 ||    84
Throw: Large rock        |    20 |     3 ||    23
       Throwing net      |     2 |     1 ||     3
 Cast: Corona            |     1 |     3 ||     4
       Slow              |     1 |       ||     1
  Use: Potion            |     1 |       ||     1
  Eat: Chunk             |     3 |       ||     3
       Fruit             |     1 |       ||     1
